 Dungeon Crawl Stone Soup version 0.17-a0-1522-g6c5b4ba (webtiles) character file.

231 namelastname112 the Poker (level 5, -2/46 HPs)
             Began as a Draconian Skald on July 15, 2015.
             Slain by Crazy Yiuf
             ... wielding a +4 quarterstaff of chaos
              (12 damage)
             ... on level 2 of the Dungeon.
             The game lasted 00:02:20 (1174 turns).

namelastname112 the Poker (Draconian Skald)         Turns: 1174, Time: 00:02:20

Health: -2/46      AC:  5    Str: 15    XL:     5   Next: 73%
Magic:  8/8        EV: 12    Int: 12    God:
Gold:   93         SH:  0    Dex: 11    Spells: 1 memorised, 7 levels left

rFire  . . .     SeeInvis .     a - +0 spear
rCold  . . .     Clarity  .     (armour unavailable)
rNeg   . . .     SustAt   .     (no shield)
rPois  .         Gourm    .     (helmet restricted)
rElec  .         Spirit   .     (no cloak)
rCorr  .         Warding  .     (no gloves)
rMut   .         Stasis   .     (no boots)
MR     .....                    (no amulet)
Stlth  +.........               (no ring)
                                (no ring)

@: very slightly contaminated, invisible (expiring), not resistant to hostile
enchantments, very unstealthy
A: unfitting armour, cold-blooded, AC +5
a: no special abilities


You were on level 2 of the Dungeon.
You were very hungry.

You visited 1 branch of the dungeon, and saw 2 of its levels.

You collected 93 gold pieces.

Inventory:

Hand weapons
 a - a +0 spear (weapon)
Scrolls
 d - a scroll of identify {unknown}
 e - 2 scrolls of remove curse {unknown}
 f - a scroll of enchant weapon {unknown}
 g - 2 scrolls of teleportation {unknown}
 h - a scroll of amnesia {unknown}
 i - a scroll of fear {unknown}
Books
 b - a book of Battle

   Spells                             Type                      Level
   a - Infusion                       Charms                       1
   b - Shroud of Golubria             Charms/Translocation         2
   c - Song of Slaying                Charms                       2
   d - Spectral Weapon                Hexes/Charms                 3
   e - Regeneration                   Charms/Necromancy            3
Comestibles
 c - 3 bread rations


   Skills:
 + Level 4.0 Fighting
 * Level 4.4 Polearms
 + Level 2.8 Dodging
 - Level 2.0 Spellcasting
 - Level 2.6 Charms


You had 7 spell levels left.
You knew the following spells:

 Your Spells              Type           Power        Failure   Level  Hunger
z - Infusion              Chrm           #.....       12%         1    ##.....


Dungeon Overview and Level Annotations

Branches:
Dungeon (2/15)

Altars:

Annotations:
D:2 Crazy Yiuf


Innate Abilities, Weirdness & Mutations

Your plain brown scales are hard (AC +5).
Your body does not fit into most forms of armour.
You are cold-blooded and may be slowed by cold attacks.


Message History

Press: ? - help, v - describe, . - travel
Here: Crazy Yiuf, wielding a quarterstaff of chaos and wearing an embroidered cloak (lightly wounded)
The floor.
Unknown command.
You are feeling very hungry.
You aren't carrying any potions.
Crazy Yiuf says, "Snurf seventy hog!"
Crazy Yiuf screams, "Sif Muna snockshim wrapper!"
You flicker for a moment.
You strike the helpless Crazy Yiuf from behind!
You hit Crazy Yiuf.
Crazy Yiuf is lightly wounded.
Crazy Yiuf barely misses you.
You catch the helpless Crazy Yiuf completely off-guard!
You hit Crazy Yiuf.
Crazy Yiuf is moderately wounded.
You miss Crazy Yiuf.
Crazy Yiuf is moderately wounded.
Crazy Yiuf hits you with a quarterstaff of chaos!
You die...

# ######## # ##....#.### #
##......#..# #
#######......####.....# #
............## ##..)# #
######..#### ### # ####....g# #
##..#.###@# # #.........###### #
#(....##.......# #....###.......#
# #....##.......## #
#....##.##...#########.# #
##..#...########.......# # ###
####.### ##........###
#.##########.########............


You could see Crazy Yiuf.

Vanquished Creatures
  Sigmund (D:2)
  Jessica (D:2)
  2 adders (D:2)
  2 giant geckos (D:1)
  3 giant cockroaches (D:1)
  3 goblins
  5 hobgoblins
  5 kobolds
  2 bats (D:1)
  A giant newt (D:1)
  3 rats (D:1)
28 creatures vanquished.

Notes
Turn   | Place    | Note
--------------------------------------------------------------
     0 | D:1      | namelastname112 the Draconian Skald began the quest for the Orb.
     0 | D:1      | Reached XP level 1. HP: 17/17 MP: 3/3
   126 | D:1      | Reached XP level 2. HP: 22/25 MP: 5/5
   723 | D:2      | Reached XP level 3. HP: 26/30 MP: 6/6
   819 | D:2      | Noticed Jessica
   835 | D:2      | Reached skill level 3 in Fighting
   862 | D:2      | Killed Jessica
   862 | D:2      | Reached XP level 4. HP: 23/38 MP: 7/7
  1037 | D:2      | Noticed Sigmund
  1053 | D:2      | Killed Sigmund
  1053 | D:2      | Reached skill level 4 in Fighting
  1053 | D:2      | Reached XP level 5. HP: 41/46 MP: 2/8
  1153 | D:2      | Noticed Crazy Yiuf
  1174 | D:2      | Slain by Crazy Yiuf

Vault maps used:
D:1:      dpeg_arrival_tiny_a
D:2:      first_bread, minmay_misc_feat_chi, uniq_jessica,
          uniq_crazy_yiuf_cottage, uniq_sigmund

Action                   |  1- 3 |  4- 6 || total
-------------------------+-------+-------++-------
Melee: Spear             |   102 |    18 ||   120
 Cast: Infusion          |       |     1 ||     1
  Use: Potion            |     1 |       ||     1
 Stab: Invisible         |       |     2 ||     2
